 Dungeon Crawl Stone Soup version 0.17-a0-2220-g6fea741 (webtiles) character file.

1561 st0uf the Ducker (level 8, 0/67 HPs)
             Began as a Mottled Draconian Venom Mage on Oct 28, 2015.
             Was an Initiate of Sif Muna.
             Slain by an orc priest
             ... wielding a +0 mace
              (6 damage)
             ... on level 6 of the Dungeon.
             The game lasted 00:57:04 (8557 turns).

st0uf the Ducker (Mottled Draconian Venom Mage)     Turns: 8557, Time: 00:57:07

Health: 0/67       AC:  8    Str: 11    XL:     8   Next: 58%
Magic:  2/12       EV: 15    Int: 17    God:    Sif Muna [......]
Gold:   240        SH:  0    Dex: 12    Spells: 3 memorised, 7 levels left

rFire  . . .     SeeInvis .     o - +2 mace (holy)
rCold  . . .     Clarity  .     (armour unavailable)
rNeg   . . .     SustAt   .     (no shield)
rPois  .         Gourm    .     (helmet restricted)
rElec  .         Spirit   .     z - +0 cloak
rCorr  .         Warding  .     (no gloves)
rMut   .         Stasis   .     u - +0 pair of boots (curse)
MR     .....                    (no amulet)
Stlth  ++........               (no ring)
                                (no ring)

@: about to teleport, very slightly contaminated, not resistant to hostile
enchantments, unstealthy
A: breathe sticky flame splash, unfitting armour, cold-blooded, AC +6
a: Breathe Sticky Flame, Renounce Religion


You were on level 6 of the Dungeon.
You worshipped Sif Muna.
Sif Muna was noncommittal.
You were hungry.

You visited 1 branch of the dungeon, and saw 6 of its levels.

You collected 240 gold pieces.

Inventory:

Hand Weapons
 o - a +2 mace of holy wrath (weapon)
 K - a +1 flail of holy wrath
Missiles
 c - 126 arrows
 x - 3 throwing nets (quivered)
Armour
 u - a cursed +0 pair of boots (worn)
 z - a +0 cloak (worn)
Jewellery
 g - an uncursed amulet of stasis
Wands
 s - a wand of cold (7)
 y - a wand of flame (14)
Scrolls
 f - a scroll of magic mapping {unknown}
 h - 14 scrolls of identify {unknown}
 i - 5 scrolls of enchant weapon {unknown}
 p - a scroll of blinking {unknown}
 w - a scroll of random uselessness {unknown}
 B - a scroll of recharging {unknown}
 D - 2 scrolls of fear {unknown}
 E - a scroll of amnesia {unknown}
 F - 3 scrolls of remove curse {unknown}
 G - a scroll of immolation {unknown}
 J - a scroll of noise {unknown}
Potions
 e - a potion of might
 j - 3 potions of curing {unknown}
 l - a potion of cure mutation {unknown}
 q - a potion of degeneration {unknown}
 r - a potion of agility {unknown}
 t - 2 potions of poison {unknown}
 v - 2 potions of heal wounds
 A - 2 potions of lignification {unknown}
 C - a potion of haste {unknown}
 H - a potion of magic {unknown}
Books
 a - a Young Poisoner's Handbook

   Spells                             Type                      Level
   a - Sting                          Conjuration/Poison           1
   b - Cure Poison                    Poison                       2
   c - Mephitic Cloud                 Conjuration/Poison/Air       3
   d - Olgreb's Toxic Radiance        Poison                       4
   e - Venom Bolt                     Conjuration/Poison           5
Comestibles
 b - 5 bread rations
 d - 4 beef jerkies
 k - a slice of pizza
 n - 11 fruits


   Skills:
 + Level 4.9 Fighting
 + Level 6.6 Dodging
 - Level 1.7 Stealth
 + Level 3.3 Spellcasting
 - Level 5.1 Conjurations
 + Level 1.1 Air Magic
 - Level 4.6 Poison Magic


You had 7 spell levels left.
You knew the following spells:

 Your Spells              Type           Power        Failure   Level  Hunger
a - Sting                 Conj/Pois      ###.         2%          1    None
b - Cure Poison           Pois           ###.......   3%          2    ##.....
c - Mephitic Cloud        Conj/Pois/Air  ###.....     14%         3    ###....


Dungeon Overview and Level Annotations

Branches:
Dungeon (6/15)
 Temple: D:4-7

Altars:
Ashenzari
Fedhas
Makhleb
Ru
Sif Muna
Vehumet


Innate Abilities, Weirdness & Mutations

You can spit globs of burning liquid.
You can ignite nearby creatures when you spit burning liquid.
Your weird mottled scales are hard (AC +6).
Your body does not fit into most forms of armour.
You are cold-blooded and may be slowed by cold attacks.


Message History

Confirm with . or Enter, or press ? or * to list all spells.
Aiming: Mephitic Cloud
Press: ? - help, Shift-Dir - straight line, f - orc priest
Aim: an orc priest, wielding a flail The ball explodes into a vile cloud!
The stinking cloud engulfs the orc priest.
The stinking cloud engulfs the sky beast.
The stinking cloud engulfs the orc priest.
The orc priest is lightly wounded.
The orc priest is engulfed in noxious fumes.
The orc priest appears confused.
The orc priest miscasts a cantrip.
Read which item? (? for menu, Esc to quit)
As you read the scroll of teleportation, it crumbles to dust.
You feel strangely unstable.
The orc priest is engulfed in noxious fumes.
The orc priest appears confused.
The orc priest closely misses the sky beast.
The orc priest hits you with a mace.
You die...

.................)...
#####..##########...
### #..# #...
#.#######..# ####
#...'_'....# .
...###'###..# ... #.#
#.## .....###.###.#
.......)oY@..# ####
.....####o#### #...
... ...# #... . #####
#... #... #... #...
####


You could see a sky beast and 2 orc priests.

Vanquished Creatures
  Edmund (D:6)
  A phantom (D:5)
  An ogre (D:5)
  A big kobold (D:3)
  3 scorpions
  2 electric eels (D:6)
  4 hounds
  5 orc wizards
  A crimson imp (D:5)
  A centaur skeleton (D:5)
  6 orc priests
  A giant frog skeleton (D:6)
  Terence (D:3)
  4 worker ants (D:4)
  A killer bee zombie (D:5)
  9 adders
  10 gnolls
  A shadow imp (D:3)
  5 worms
  5 giant geckos
  23 orcs
  7 bats
  9 giant cockroaches
  11 goblins
  9 hobgoblins
  17 jackals
  10 kobolds
  6 quokkas
  3 ball pythons
  A giant gecko skeleton (D:6)
  3 giant newts
  A jackal skeleton (D:5)
  11 rats
174 creatures vanquished.

Notes
Turn   | Place    | Note
--------------------------------------------------------------
     0 | D:1      | st0uf the Draconian Venom Mage began the quest for the Orb.
     0 | D:1      | Reached XP level 1. HP: 14/14 MP: 3/3
   196 | D:1      | Reached XP level 2. HP: 17/20 MP: 2/5
   944 | D:1      | Reached skill level 1 in Fighting
   952 | D:1      | Reached XP level 3. HP: 26/28 MP: 0/6
  1168 | D:1      | Learned a level 2 spell: Cure Poison
  1636 | D:2      | Found a deep blue altar of Sif Muna.
  1639 | D:2      | Became a worshipper of Sif Muna the Loreminder
  1741 | D:2      | Reached XP level 4. HP: 24/36 MP: 3/8
  3159 | D:3      | Learned a level 3 spell: Mephitic Cloud
  3282 | D:3      | Noticed Terence
  3447 | D:2      | Reached XP level 5. HP: 36/42 MP: 6/9
  3729 | D:3      | Killed Terence
  3729 | D:3      | Reached skill level 1 in Conjurations
  3815 | D:3      | Noticed a big kobold
  3835 | D:3      | Killed a big kobold
  3896 | D:3      | Reached XP level 6. HP: 40/50 MP: 5/10
  4110 | D:3      | Found a shattered altar of Ashenzari.
  4211 | D:3      | Found a radiant altar of Vehumet.
  5257 | D:3      | Found a burning altar of Makhleb.
  5267 | D:3      | Your scales start taking on a weird mottled colour.
  5267 | D:3      | Reached XP level 7. HP: 55/57 MP: 9/11
  6352 | D:5      | Entered Level 5 of the Dungeon
  6364 | D:5      | Reached skill level 5 in Dodging
  6856 | D:5      | Reached XP level 8. HP: 51/66 MP: 6/12
  7113 | D:5      | Reached skill level 1 in Air Magic
  7463 | D:6      | Reached skill level 5 in Conjurations
  7590 | D:6      | Reached skill level 6 in Dodging
  8040 | D:6      | Noticed Edmund
  8103 | D:6      | Killed Edmund
  8406 | D:6      | Found a sacrificial altar of Ru.
  8530 | D:6      | Found a blossoming altar of Fedhas.
  8557 | D:6      | Slain by an orc priest

Vault maps used:
D:1:      minmay_arrival_four_circles
D:2:      kennysheep_six_static_rooms, lemuel_blue_sif_altar, minivault_5,
          minmay_misc_feat_room
D:3:      makhleb_grotto_becter, lemuel_crystal_altar, gup_sewer_entry_bubbles,
          vehumet_altar_wand_db, uniq_terence
D:4:      first_bread, st_stairs_7, minmay_misc_feat_four_crosses
D:5:      kennysheep_boxes
D:6:      lemuel_crystal_altar, lemuel_doored_altar, serial_bayou_lake_a,
          uniq_edmund

Action                   |  1- 3 |  4- 6 |  7- 9 || total
-------------------------+-------+-------+-------++-------
Melee: Unarmed           |   111 |    92 |       ||   203
       Mace              |       |    29 |   221 ||   250
 Cast: Sting             |    68 |   192 |   135 ||   395
       Cure Poison       |     3 |     1 |     2 ||     6
       Mephitic Cloud    |       |     1 |     7 ||     8
 Abil: Breathe Sticky Fl |       |       |     2 ||     2
  Use: Scroll            |       |     2 |     1 ||     3
 Stab: Sleeping          |       |       |     1 ||     1
       Confused          |       |       |     1 ||     1
  Eat: Chunk             |     3 |    12 |    12 ||    27
